 Dungeon Crawl Stone Soup version 0.27-a0-679-g77a6b55cf3 (webtiles) character file.

Game seed: 18260410776229562659

4988 fozzywoppz the Martial Artist (level 10, -7/68 HPs)
             Began as a Demonspawn Gladiator on Mar 18, 2021.
             Was a Believer of Makhleb.
             Mangled by Maurice
             ... wielding a +2 short sword of protection
              (12 damage)
             ... on level 9 of the Dungeon.
             The game lasted 00:20:54 (12168 turns).

fozzywoppz the Martial Artist (DsGl)               Turns: 12168, Time: 00:20:55

Health: -7/68      AC:  8    Str: 14    XL:     10   Next: 29%
Magic:  10/10      EV: 12    Int: 10    God:    Makhleb [**....]
Gold:   0          SH:  8    Dex: 18    Spells: 9/9 levels left

rFire    . . .     SeeInvis .     - Unarmed
rCold    . . .     Faith    .   f - +2 buckler
rNeg     . . .     Spirit   .   h - +0 ring mail
rPois    .         Reflect  .   g - +0 helmet
rElec    .         Harm     .   (no cloak)
rCorr    .         Rampage  .   (no gloves)
Will     .....                  (no boots)
Stlth    +.........             (no amulet)
HPRegen  0.21/turn              (no ring)
MPRegen  0.12/turn              (no ring)

@: no status effects
A: talons 1, molten scales 1, spiny 2
a: Renounce Religion, Minor Destruction


You were on level 9 of the Dungeon.
You worshipped Makhleb.
Makhleb was pleased with you.
You visited 2 branches of the dungeon, and saw 10 of its levels.

Inventory:

Hand Weapons
 d - a +2 spectral short sword
 w - a +2 dagger of electrocution
Missiles
 a - 20 boomerangs
 c - 3 throwing nets (quivered)
Armour
 b - a +0 helmet
 f - a +2 buckler (worn)
 g - a +0 helmet (worn)
 h - a +0 ring mail (worn)
Wands
 E - a wand of paralysis (9)
 F - a wand of charming (10)
 H - a wand of iceblast (4)
Scrolls
 i - 2 scrolls of immolation
 j - 2 scrolls of amnesia
 k - a scroll of fog
 q - a scroll of holy word {unknown}
 r - a scroll of vulnerability {unknown}
 s - 2 scrolls of enchant weapon
 t - 2 scrolls of brand weapon
 u - 2 scrolls of blinking {unknown}
 v - 2 scrolls of random uselessness {unknown}
 y - a scroll of noise {unknown}
 B - a scroll of enchant armour {unknown}
 G - a scroll of identify
Potions
 l - a potion of mutation
 m - a potion of resistance
 n - 2 potions of might {unknown}
 o - a potion of berserk rage {unknown}
 p - a potion of flight {unknown}
 x - 2 potions of curing
 z - 2 potions of magic
 D - a potion of heal wounds
 I - a potion of lignification
 J - 2 potions of brilliance {unknown}


   Skills:
 + Level 2.5 Fighting
 - Level 2.0 Throwing
 - Level 3.0 Dodging
 - Level 5.2 Shields
 + Level 12.6 Unarmed Combat


You had 9 spell levels left.
You didn't know any spells.
Your spell library contained the following spells:

 Spells                   Type           Power      Damage    Failure   Level
 Animate Skeleton         Necr           0%         N/A       61%         1
 Apportation              Tloc           0%         N/A       61%         1
 Corona                   Hex            0%         N/A       61%         1
 Freeze                   Ice            0%         1d3       61%         1
 Pain                     Necr           0%         1d4       61%         1
 Summon Small Mammal      Summ           0%         N/A       61%         1
 Ensorcelled Hibernation  Hex/Ice        0%         N/A       75%         2
 Confusing Touch          Hex            0%         N/A       93%         3
 Dazzling Flash           Conj/Hex       0%         N/A       93%         3
 Ignite Poison            Fire/Tmut/Pois 0%         N/A       93%         3
 Tukima's Dance           Hex            0%         N/A       93%         3
 Vampiric Draining        Necr           0%         2d6       93%         3
 Animate Dead             Necr           0%         N/A       100%        4
 Ice Form                 Ice/Tmut       0%         N/A       100%        4
 Agony                    Necr           0%         N/A       100%        5
 Alistair's Intoxication  Tmut/Pois      0%         N/A       100%        5
 Blade Hands              Tmut           0%         N/A       100%        5


Dungeon Overview and Level Annotations

Branches:
Dungeon (9/15)             Temple (1/1) D:5
   Lair: D:8-11         Orc: D:9-12

Altars:
Ashenzari
Cheibriados
Dithmenos
Elyvilon
Fedhas
Hepliaklqana
Kikubaaqudgha
Makhleb
Okawaru
Qazlal
Ru
Sif Muna
Trog
Uskayaw
Wu Jian
Xom
Yredelemnul
Zin
The Shining One

Shops:
D:3 (

Annotations:
D:2 1 runed translucent door, Crazy Yiuf
D:4 okawaru and che, indyram44's ghost, amateur MiBe
D:9 Maurice


Innate Abilities, Weirdness & Mutations

You have sharp toenails.
You are partially covered in molten scales. (AC +2)
You are mostly covered in sharp spines.


Message History

You hear some strange, mumbled words.
That's the wrong kind of item! (Use * to select it.) Evoke which item? (* to show all) (? for menu, Esc to quit)
Aiming: Iceblast
Press: ? - help, Shift-Dir - straight line The mass of ice explodes!
The iceblast engulfs something.
The iceblast engulfs the iguana!
The iguana is heavily wounded.
You hear a shout!
You hit the iguana but do no damage. You claw the iguana, but do no damage.
The iguana is heavily wounded.
You block the iguana's attack.
You barely miss the iguana. You claw the iguana.
The iguana is severely wounded.
You block the iguana's attack.
You punch the iguana!
You kill the iguana!
Makhleb accepts your kill.
You see here an iguana corpse.
An adder zombie comes into view.
You hear some strange, mumbled words.
Aiming: Iceblast
Press: ? - help, Shift-Dir - straight line The mass of ice explodes!
The iceblast engulfs something.
You hear a shout!
The adder zombie bites you but does no damage.
You hear a zap.
Your mind is blasted!
* * * LOW HITPOINT WARNING * * *
The now-empty wand crumbles to dust.
The adder zombie bites you.
* * * LOW HITPOINT WARNING * * *
You block something's attack.
The adder zombie is struck by your spines.
The adder zombie bites you.
* * * LOW HITPOINT WARNING * * *
Okay, then.
As you read the scroll of fog, it crumbles to dust.
The scroll dissolves into smoke.
Something hits you!
You die...

#########.K..................
#..#############...## ####..#
#...#
.........#############...##
...........................
...........................
......................)..##
###.K###.§§§.............#
#..###.{@§.............#
#......§.Z.............#
........................
........................
.........###†...........
.........# #....##...###
.........# #....# ...#
.........# #...........
................#
#...........


You could see an adder zombie.

Vanquished Creatures
  Pikel (D:9)
  Grinder (D:3)
  3 yaks (D:7)
  Grum (D:9)
  Menkaure (D:6)
  A water moccasin (D:8)
  2 sky beasts
  2 orc warriors
  3 wolves (D:8)
  3 ogres
  2 centaurs (D:8)
  4 lemures
  2 phantoms
  10 bullfrogs
  A water moccasin zombie (D:8)
  3 scorpions
  4 wights (D:5)
  A quasit (D:7)
  8 hounds
  2 jellies
  A bullfrog skeleton (D:8)
  An orc priest (D:9)
  3 iguanas
  9 worker ants
  7 orc wizards
  A hound skeleton (D:5)
  8 gnolls
  10 adders
  A shadow imp (D:5)
  4 white imps
  An ooze (D:1)
  2 adder zombies
  2 adder skeletons
  4 worms
  2 dart slugs
  5 leopard geckos
  20 orcs
  2 ball pythons
  6 giant cockroaches
  7 goblins
  5 hobgoblins
  15 jackals
  3 quokkas
  9 bats
  3 frilled lizards (D:2)
  A jackal zombie (D:6)
  9 kobolds
  A leopard gecko zombie (D:5)
  A quokka skeleton (D:5)
  7 rats
205 creatures vanquished.

Vanquished Creatures (collateral kills)
  A manticore (D:9)
1 creature vanquished.

Vanquished Creatures (others)
  A plant (D:9)
1 creature vanquished.

Grand Total: 207 creatures vanquished

Notes
Turn   | Place    | Note
-------+----------+-------------------------------------------
     0 | D:1      | fozzywoppz the Demonspawn Gladiator began the quest for the
                  | Orb.
     0 | D:1      | Reached XP level 1. HP: 16/16 MP: 1/1
   336 | D:1      | Gained mutation: You are partially covered in molten
                  | scales. (AC +2) [demonic ancestry]
   336 | D:1      | Reached XP level 2. HP: 22/22 MP: 2/2
   351 | D:1      | Reached skill level 3 in Unarmed Combat
   831 | D:1      | Reached XP level 3. HP: 25/27 MP: 3/3
  1386 | D:2      | Found a runed translucent door.
  1387 | D:2      | Noticed Crazy Yiuf
  1452 | D:2      | Reached skill level 1 in Shields
  1876 | D:2      | Found an ornate altar of the Wu Jian Council.
  1933 | D:2      | Reached XP level 4. HP: 30/33 MP: 4/4
  2186 | D:3      | Noticed Grinder
  2186 | D:3      | Paralysed by Grinder for 4 turns
  2721 | D:3      | Reached skill level 4 in Unarmed Combat
  2934 | D:3      | Reached XP level 5. HP: 24/38 MP: 5/5
  3253 | D:3      | Found a snail-covered altar of Cheibriados.
  3256 | D:3      | Found an iron altar of Okawaru.
  3269 | D:3      | Found Kohoan's Antique Weapon Boutique.
  3414 | D:3      | Killed Grinder
  3415 | D:3      | Reached skill level 5 in Unarmed Combat
  3415 | D:3      | Reached XP level 6. HP: 10/44 MP: 6/6
  4571 | D:4      | Gained mutation: You have sharp toenails. [demonic
                  | ancestry]
  4571 | D:4      | Reached XP level 7. HP: 31/50 MP: 7/7
  5086 | D:4      | Found a large runed translucent door.
  5086 | D:4      | Found a large runed translucent door.
  5088 | D:4      | Noticed indyram44's ghost (amateur MiBe)
  5325 | D:5      | Entered Level 5 of the Dungeon
  5334 | D:5      | Found a shadowy altar of Dithmenos.
  5414 | D:5      | Found a blossoming altar of Fedhas.
  5470 | D:5      | Found a shimmering altar of Xom.
  5472 | D:5      | Found a hazy altar of Hepliaklqana.
  5484 | D:5      | Reached skill level 6 in Unarmed Combat
  5808 | D:5      | Found a staircase to the Ecumenical Temple.
  5834 | D:5      | Reached skill level 5 in Shields
  6104 | Temple   | Entered the Ecumenical Temple
  6142 | Temple   | Became a worshipper of Makhleb the Destroyer
  6651 | D:5      | Reached skill level 7 in Unarmed Combat
  6651 | D:5      | Reached XP level 8. HP: 41/55 MP: 8/8
  7418 | D:6      | Noticed Menkaure
  7754 | D:7      | Reached skill level 8 in Unarmed Combat
  7770 | D:7      | Reached skill level 9 in Unarmed Combat
  7956 | D:6      | Killed Menkaure
  7970 | D:6      | Gained mutation: You are partially covered in sharp spines.
                  | [demonic ancestry]
  7970 | D:6      | Reached XP level 9. HP: 26/61 MP: 9/9
  8324 | D:6      | Reached * piety under Makhleb
  8420 | D:6      | Reached skill level 10 in Unarmed Combat
  8628 | D:6      | Identified the +0 robe of Purpose {-Cast rN++ Will+ rCorr}
  9064 | D:7      | Identified the Incunabulum of Mutagenic Cold
 10187 | D:8      | Reached skill level 11 in Unarmed Combat
 10339 | D:8      | Reached ** piety under Makhleb
 10807 | D:9      | Noticed Maurice
 10807 | D:9      | Noticed Pikel
 10938 | D:9      | Noticed Grum
 10955 | D:8      | Reached skill level 12 in Unarmed Combat
 11123 | D:8      | Gained mutation: You are mostly covered in sharp spines.
                  | [demonic ancestry]
 11123 | D:8      | Reached XP level 10. HP: 51/67 MP: 10/10
 11217 | D:9      | Killed Grum
 11971 | D:9      | Killed Pikel
 12058 | D:9      | Found an ancient bone altar of Kikubaaqudgha.
 12085 | D:9      | Found a blossoming altar of Fedhas.
 12109 | D:9      | Noticed a manticore
 12121 | D:9      | Killed a manticore
 12168 | D:9      | Mangled by Maurice

Illustrated notes

Levels and vault maps discovered:
D:1:      sevenhm_arrival_forest_fort_large_4, layout_rooms
D:2:      layout_basic, nzn_wu_jian_contemplation, uniq_crazy_yiuf_cottage
D:3:      layout_rooms, nicolae_overflow_hidden_temple, serial_shops,
          nicolae_shop_window_shopping, serial_rivers,
          chequers_serial_rivers_small_3, chequers_serial_rivers_small_b,
          chequers_serial_rivers_small_b, chequers_serial_rivers_micro_e,
          chequers_serial_rivers_small_3, chequers_serial_rivers_micro_b,
          minmay_crystal_room, uniq_grinder
D:4:      layout_loops_corners, ebering_ghost_disaster_area
D:5:      layout_gridville, grunt_temple_overflow_diamond,
          minmay_temple_entry_hall, basic_altar, fedhas_ov_isle_minmay
D:6:      layout_rooms, uniq_menkaure
D:7:      layout_loops_corners
D:8:      layout_basic, kennysheep_doodads, minmay_stone_trees_small,
          st_stairs_2
D:9:      layout_small_grid, grunt_temple_overflow_growth_and_decay,
          grunt_temple_overflow_opulence, uniq_maurice, uniq_pikel, uniq_grum
Temple:   minmay_temple_bridge_abc

Skill      XL: |  1  2  3  4  5  6  7  8  9 |
---------------+----------------------------+-----
Throwing       | 2 |  2.0
Dodging        | 3 |  3.0
Unarmed Combat | 3 4 5 7 9 12 | 12.6
Shields        | 1 2 3 4 5 |  5.2
Fighting       | |  2.5

Action                   |  1- 3 |  4- 6 |  7- 9 | 10-12 || total
-------------------------+-------+-------+-------+-------++-------
Melee: Unarmed           |   181 |   114 |   239 |    59 ||   593
       Short sword       |       |   131 |    53 |       ||   184
       Dagger            |       |       |   123 |       ||   123
       Kick              |       |       |   129 |    15 ||   144
Evoke: Wand              |       |       |       |     6 ||     6
  Use: Scroll            |       |     4 |     8 |     2 ||    14
       Potion            |       |     2 |     1 |     3 ||     6
 Stab: Distracted        |       |       |     1 |       ||     1
Armor: Leather armour    |    33 |       |       |       ||    33
       Ring mail         |    20 |    87 |   153 |    14 ||   274
       Skin              |       |     9 |       |       ||     9
Dodge: Dodged            |    98 |   129 |   189 |    17 ||   433
Block: Buckler           |    33 |    83 |   143 |    20 ||   279

Table legend: (Time is in decaauts)
 A = Elapsed time spent in this place.
 B = Non-inter-level travel time spent in this place.
 C = Inter-level travel time spent in this place.
 D = Time resting spent in this place.
 E = Time spent auto-exploring this place.
 F = Levels seen in this place.
 G = Mean time per level.
                   A        B        C        D        E       F      G
               +--------+--------+--------+--------+--------+-----+--------+
         Total |  12143 |  11799 |    344 |   2915 |   6375 |  10 | 1214.3 |
       Dungeon |  12078 |  11734 |    344 |   2915 |   6354 |   9 | 1342.0 |
        Temple |     64 |     64 |      0 |      0 |     21 |   1 |   64.0 |
               +--------+--------+--------+--------+--------+-----+--------+

Top non-repeatable levels by time:
     D:8: 2187 daAuts
     D:5: 1978 daAuts
     D:3: 1638 daAuts
     D:4: 1490 daAuts
     D:7: 1290 daAuts
     D:1: 1110 daAuts
     D:2: 1109 daAuts
     D:6: 988 daAuts
     D:9: 284 daAuts
  Temple: 64 daAuts
